 Dungeon Crawl Stone Soup version 0.29-a0-668-g12ee2bf84d (webtiles) character file.

Game seed: 7743690049293917341

222826 buhh the Spry (level 20, -7/120 HPs)
             Began as a Kobold Hunter on June 24, 2022.
             Was a High Priest of Hepliaklqana.
             Mangled by a seven-headed hydra (8 damage)
             ... on level 4 of the Swamp.
             The game lasted 01:31:08 (40226 turns).

buhh the Spry (Kobold Hunter)                      Turns: 40226, Time: 01:31:09

Health: -7/120     AC:  8    Str:  9    XL:     20   Next: 1%
Magic:  30/30      EV: 51    Int: 21    God:    Hepliaklqana [*****.]
Gold:   2130       SH:  0    Dex: 21    Spells: 19/19 levels left

rFire   + . .      SeeInvis +   i - +4 arbalest (flame)
rCold   + . .      Faith    .   (shield currently unavailable)
rNeg    . . .      Spirit   .   o - +2 robe {rC+ rF+}
rPois   +          Reflect  .   p - +0 helmet
rElec   +          Harm     .   S - scarf {shadows}
rCorr   +          Rampage  .   (no gloves)
Will    ++...                   m - +2 pair of boots of Efoatt {rElec Will+}
Stlth   +++++++...              y - amulet of the acrobat
HPRegen 0.30/turn               a - ring "Opuleunn" {rElec rCorr EV+4 Int+3}
MPRegen 0.22/turn               Z - ring of see invisible

@: acrobatic
A: reduced essence, small, no large weapons, nightstalker 3, clever 1, poison
resistance
}: 1/15 runes: gossamer
a: Renounce Religion, Recall Ancestor, Ancestor Identity, Transference, Idealise


You were on level 4 of the Swamp.
You worshipped Hepliaklqana.
Hepliaklqana was extremely pleased with you.
You visited 6 branches of the dungeon, and saw 31 of its levels.
You also visited: Ice Cave.

You collected 2630 gold pieces.
You spent 500 gold pieces at shops.

Inventory:

Hand Weapons
 i - a +4 arbalest of flaming (weapon)
Missiles
 d - 2 throwing nets {!f}
 w - 3 poisoned darts
Armour
 m - the +2 pair of boots of Efoatt (worn) {rElec Will+}
   (You found it on level 4 of the Dungeon)

   rElec:     It insulates you from electricity.
   Will:      It increases your willpower.
 o - a +2 robe of resistance (worn)
 p - a +0 helmet (worn)
 z - a +2 cloak
 E - a +0 troll leather armour
 S - a scarf of shadows (worn)
Magical Staves
 A - a staff of cold
Jewellery
 a - the ring "Opuleunn" (left hand) {rElec rCorr EV+4 Int+3}
   (You found it on level 1 of the Spider Nest)

   [ring of evasion]

   EV:        It affects your evasion (+4).
   Int:       It affects your intelligence (+3).
   rElec:     It insulates you from electricity.
   rCorr:     It protects you from acid and corrosion.
 n - a +4 ring of protection
 r - the ring "Rixtaemm" {EV+4 Int+3}
   (You acquired it on level 10 of the Dungeon)

   [ring of evasion]

   EV:        It affects your evasion (+4).
   Int:       It affects your intelligence (+3).
 y - an amulet of the acrobat (around neck)
 C - a ring of protection from cold
 O - a ring of wizardry
 P - a ring of protection from fire
 W - a +6 ring of intelligence
 Y - a +6 ring of dexterity
 Z - a ring of see invisible (right hand)
Wands
 q - a wand of iceblast (11)
 u - a wand of flame (59)
 v - a wand of digging (11)
 x - a wand of mindburst (33)
 D - a wand of acid (21)
 G - a wand of paralysis (17)
 R - a wand of polymorph (3)
Scrolls
 g - 10 scrolls of identify {!d}
 j - a scroll of brand weapon
 s - 2 scrolls of silence {!r}
 t - 7 scrolls of teleportation {!d}
 Q - 10 scrolls of fog
 T - 3 scrolls of immolation {!d}
 X - 3 scrolls of amnesia
Potions
 f - 2 potions of might
 h - 4 potions of berserk rage {!q}
 k - 8 potions of flight
 l - 7 potions of lignification {!d}
 B - 11 potions of ambrosia {!q!d}
 H - 4 potions of invisibility {!q!d}
 J - 2 potions of magic {!q!d}
 K - 4 potions of brilliance {!q!d}
 L - 6 potions of resistance {!q!d}
 N - 5 potions of curing {!q!d}
 U - 2 potions of mutation {!d}
 V - 3 potions of cancellation {!q!d}
Miscellaneous
 b - a phantom mirror
 I - a box of beasts


   Skills:
 - Level 17.0 Fighting
 - Level 20.0 Crossbows
 - Level 20.0 Dodging
 - Level 15.0 Stealth
 * Level 13.5 Invocations
 - Level 15.0 Evocations


You had 19 spell levels left.
You didn't know any spells.
Your spell library contained the following spells:

 Spells                   Type           Power      Damage    Failure   Level
 Apportation              Tloc           0%         N/A       19%         1
 Freeze                   Ice            0%         1d3       19%         1
 Magic Dart               Conj           0%         1d3       19%         1
 Slow                     Hex            0%         N/A       19%         1
 Sting                    Tmut/Pois      0%         1d3       19%         1
 Summon Small Mammal      Summ           0%         N/A       19%         1
 Ensorcelled Hibernation  Hex/Ice        0%         N/A       26%         2
 Passwall                 Tmut/Erth      0%         N/A       26%         2
 Poisonous Vapours        Pois/Air       0%         N/A       26%         2
 Searing Ray              Conj           0%         2d4       26%         2
 Static Discharge         Conj/Air       0%         N/A       26%         2
 Sublimation of Blood     Necr           0%         N/A       26%         2
 Wereblood                Tmut           0%         N/A       26%         2
 Call Canine Familiar     Summ           0%         N/A       47%         3
 Confusing Touch          Hex            0%         N/A       47%         3
 Conjure Flame            Conj/Fire      0%         6-21      47%         3
 Frozen Ramparts          Ice            0%         1d2       47%         3
 Gell's Gravitas          Tloc           0%         N/A       47%         3
 Ignite Poison            Fire/Tmut/Pois 0%         N/A       47%         3
 Portal Projectile        Hex/Tloc       0%         N/A       47%         3
 Spider Form              Tmut/Pois      0%         N/A       47%         3
 Stone Arrow              Conj/Erth      0%         3d7       47%         3
 Summon Guardian Golem    Hex/Summ       0%         N/A       47%         3
 Swiftness                Air            0%         N/A       47%         3
 Teleport Other           Tloc           0%         N/A       47%         3
 Tukima's Dance           Hex            0%         N/A       47%         3
 Vampiric Draining        Necr           0%         2d6       47%         3
 Anguish                  Hex/Necr       0%         N/A       87%         4
 Animate Armour           Summ/Erth      0%         N/A       87%         4
 Cause Fear               Hex            0%         N/A       87%         4
 Fulminant Prism          Conj/Hex       0%         3d6       87%         4
 Hailstorm                Conj/Ice       0%         3d3       87%         4
 Ice Form                 Ice/Tmut       0%         N/A       87%         4
 Leda's Liquefaction      Hex/Erth       0%         N/A       87%         4
 Olgreb's Toxic Radiance  Pois           0%         N/A       87%         4
 Petrify                  Tmut/Erth      0%         N/A       87%         4
 Sticky Flame             Conj/Fire      0%         2d3       87%         4
 Summon Ice Beast         Ice/Summ       0%         N/A       87%         4
 Alistair's Intoxication  Tmut/Pois      0%         N/A       99%         5
 Blade Hands              Tmut           0%         N/A       99%         5
 Irradiate                Conj/Tmut      0%         3d13      99%         5
 Lightning Bolt           Conj/Air       0%         1d11      99%         5
 Dispersal                Tloc           0%         N/A       100%        6
 Dragon Form              Tmut           0%         N/A       100%        7
 Summon Hydra             Summ           0%         N/A       100%        7
 Lehudib's Crystal Spear  Conj/Erth      0%         10d2      100%        8
 Maxwell's Capacitive Co  Air            0%         ∞         100%        8
 Dragon's Call            Summ           0%         N/A       100%        9


Dungeon Overview and Level Annotations

Branches:
Dungeon (15/15) Zot: 25965  Temple (1/1) D:5 Zot: 5781    Lair (6/6) D:11 Zot: 25016
  Swamp (4/4) Lair:4 Zot: 20264  Spider (4/4) Lair:3 Zot: 17184   Slime (0/5) Lair:5
    Orc (1/2) D:9 Zot: 5994  Vaults (0/5) D:13         Depths (0/4) D:15
  IceCv (visited)

Altars:
Ashenzari
Cheibriados
Elyvilon
Fedhas
Gozag
Hepliaklqana
Kikubaaqudgha
Makhleb
Nemelex Xobeh
Okawaru
Qazlal
Ru
Sif Muna
Trog
Uskayaw
Vehumet
Wu Jian
Xom
Zin
The Shining One
Jiyva

Shops:
D:6 (   D:8 =   D:14 *

Annotations:
D:3 1 runed translucent door, exclusion: door, Crazy Yiuf
D:7 Maggie
D:12 Urug
D:14 3 runed translucent doors, exclusion: 3 doors, sammy202020's ghost, journeyman DsBe
Lair:6 3 runed translucent doors, Gituah's ghost, journeyman GnEE
Swamp:1 1 runed translucent door, 2 exclusions, Louise; Wiilli's ghost, journeyman SpVM


Innate Abilities, Weirdness & Mutations

Your life essence is reduced to manifest your ancestor. (-10% HP)
You are small and have problems with some larger weapons.
You are completely attuned to the shadows.
Your mind is acute. (Int +4, Str/Dex-1)
Your system is resistant to poisons. (rPois)


Message History

Okay, then.
The seven-headed hydra misses you.
The seven-headed hydra completely misses you. x2
The seven-headed hydra misses you.
The seven-headed hydra completely misses you.
The seven-headed hydra misses you. x2
The swamp dragon bites your swamp dragon!
The swamp dragon claws your swamp dragon but does no damage.
The swamp dragon tramples your swamp dragon.
Your swamp dragon holds its ground!
The six-headed hydra misses you.
The six-headed hydra completely misses you.
The six-headed hydra barely misses you.
The six-headed hydra completely misses you.
The six-headed hydra bites you!
* * * LOW HITPOINT WARNING * * *
The six-headed hydra completely misses you.
Mbali hits the six-headed hydra with a +0 broad axe of flaming!
Mbali burns the six-headed hydra.
Your swamp dragon closely misses the swamp dragon.
Your swamp dragon claws the swamp dragon.
Your swamp dragon tramples the swamp dragon!
The swamp dragon is shoved backwards!
Okay, then.
The seven-headed hydra completely misses you. x2
The seven-headed hydra barely misses you.
The seven-headed hydra completely misses you. x3
The seven-headed hydra misses you. Something bites your swamp dragon!
Something claws your swamp dragon.
Something tramples your swamp dragon but does no damage.
The six-headed hydra completely misses you. x6
Mbali hits the six-headed hydra with a +0 broad axe of flaming.
Mbali chops one of the six-headed hydra's heads off!
The flame cauterises the wound!
Mbali burns the five-headed hydra.
The seven-headed hydra misses you. The seven-headed hydra bites you!
* * * LOW HITPOINT WARNING * * *
The seven-headed hydra bites you.
* * * LOW HITPOINT WARNING * * *
The seven-headed hydra completely misses you. x2
The seven-headed hydra bites you!
You die... ≈. ≈. #≈ #≈≈ #t#t≈. #@#.≈ #DDR≈

##≈D.≈
#≈≈#≈≈
##≈≈.≈
#.≈.#
.##≈≈


You could see the friendly Mbali the knight, a seven-headed hydra (ally target),
a five-headed hydra (ally target), 2 friendly alligators and a friendly swamp
dragon (summoned).

Vanquished Creatures
  Gastronok (Lair:1)
  A frost giant (IceCv)
  4 emperor scorpions
  4 ghost moths
  A broodmother (Spider:3)
  2 eleionomae (Swamp:1)
  An entropy weaver (Spider:3)
  A bunyip (Swamp:2)
  2 spark wasps
  An ettin (D:15)
  3 boulder beetles
  19 hydras
  8 centaur warriors
  A catoblepas (Lair:6)
  3 ghost crabs
  2 radroaches
  3 two-headed ogres
  A death knight (D:15)
  3 vault guards (D:13)
  8 death yaks
  A death scarab (Spider:2)
  6 alligators
  A tengu warrior (D:15)
  7 goliath frogs
  A skeletal warrior (D:15)
  Amaemon (Lair:1)
  4 pharaoh ants
  6 steelbarb worms
  3 spriggan druids
  3 orb spiders
  A bog body (Swamp:2)
  2 wizards
  A lindwurm (Lair:6)
  A deep elf pyromancer (D:15)
  2 orc knights
  2 swamp dragons
  4 ugly things
  9 wolf spiders
  An orc sorcerer (D:12)
  A manticore (D:9)
  4 cyclopes
  4 moths of wrath
  A will-o-the-wisp (Swamp:4)
  Joseph (Lair:1)
  4 black mambas
  An orange demon (Lair:1)
  11 elephants (Lair:5)
  5 torpor snails
  2 gargoyles
  6 cane toads
  8 komodo dragons
  A freezing wraith (D:15)
  6 demonic crawlers
  A yaktaur (D:13)
  A kobold demonologist (D:12)
  6 rime drakes (IceCv)
  An ice devil (D:12)
  A queen bee (D:13)
  3 trolls
  9 meliai
  A hornet (D:9)
  4 polar bears
  6 tyrant leeches
  8 tarantellas
  7 blink frogs
  13 slime creatures
  A shadow (D:13)
  4 wraiths
  10 jumping spiders
  A vampire (D:11)
  5 basilisks
  13 culicivoras
  4 spriggans
  4 wyverns
  51 yaks
  Eustachio (D:6)
  2 hogs (Swamp:1)
  23 redbacks
  A steam dragon (D:9)
  5 vampire mosquitoes
  12 swamp worms
  An acid dragon (D:11)
  16 water moccasins
  3 swamp drakes
  7 orc warriors
  An ice beast (D:7)
  A sky beast (D:8)
  A black bear (D:8)
  3 ogres
  12 wolves
  14 centaurs
  2 phantoms
  A kobold brigand (D:7)
  11 bullfrogs
  A gnoll sergeant (D:7)
  2 necrophages
  5 scorpions
  23 killer bees
  An electric eel (Lair:5)
  A howler monkey (D:6)
  A lava snake (D:11)
  4 hounds
  6 orc priests
  A jelly (D:5)
  A gnoll shaman (D:4)
  4 iguanas
  Jessica (D:3)
  16 orc wizards
  11 gnolls
  9 adders
  A worm (D:2)
  A dart slug (D:1)
  55 orcs
  6 ball pythons
  7 bats
  6 endoplasms
  3 giant cockroaches
  7 goblins
  9 hobgoblins
  9 kobolds
  4 quokkas
  A frilled lizard (D:1)
  3 rats
650 creatures vanquished.

Vanquished Creatures (collateral kills)
  Arachne (Spider:2)
  A tentacled monstrosity (Swamp:4)
  Kirke (Swamp:1)
  Donald (Swamp:1)
  Agnes (Spider:1)
  A fenstrider witch (Swamp:4)
  4 ghost moths
  4 emperor scorpions
  An eleionoma (Swamp:3)
  4 entropy weavers
  A bunyip (Swamp:2)
  4 boulder beetles
  4 hydras
  A vault guard (D:13)
  2 ghost crabs
  A radroach (Spider:4)
  A centaur warrior (D:13)
  An ogre mage (D:15)
  3 two-headed ogres
  4 alligators
  2 catoblepae (Lair:6)
  8 death yaks
  A tengu warrior (D:13)
  A spriggan berserker (Lair:4)
  3 pharaoh ants
  A goliath frog (Swamp:2)
  A sun moth (Spider:1)
  3 orb spiders
  3 spriggan druids
  2 deep trolls (D:15)
  3 steelbarb worms (Spider:4)
  A swamp dragon (Swamp:4)
  An orc knight (D:15)
  A harpy (shapeshifter) (D:15)
  A necromancer (D:15)
  5 wolf spiders
  3 ugly things
  A moth of wrath (Spider:1)
  2 will-o-the-wisps
  3 elephants (Lair:5)
  A cyclops (D:13)
  3 manticores
  An ice statue (IceCv)
  A gargoyle (D:10)
  2 torpor snails
  A cane toad (Lair:2)
  4 unseen horrors
  4 demonic crawlers
  2 rime drakes (IceCv)
  2 freezing wraiths
  2 komodo dragons
  An ice devil (D:12)
  4 meliai
  3 polar bears
  A hornet (Swamp:3)
  A hornet (shapeshifter) (D:13)
  7 slime creatures
  13 tarantellas
  5 tyrant leeches
  2 blink frogs (Lair:6)
  11 jumping spiders
  7 culicivoras
  2 spriggans
  3 wyverns
  21 yaks
  2 hogs (Swamp:1)
  A wraith (D:15)
  4 vampire mosquitoes
  19 redbacks
  An acid dragon (D:12)
  4 swamp worms
  7 water moccasins
  6 orc warriors
  A swamp drake (Swamp:4)
  A sky beast (shapeshifter) (D:13)
  An ice beast (D:7)
  An ogre (D:15)
  3 wolves
  12 centaurs
  3 bullfrogs
  9 killer bees
  An orc priest (D:9)
  2 orc wizards
  A white imp (D:8)
  11 orcs
281 creatures vanquished.

Vanquished Creatures (others)
  A gargoyle (D:1)
  A vine stalker (D:1)
  A yak (D:11)
  A human (Swamp:1)
  2 spriggans (D:1)
  A vampire mosquito (Swamp:1)
  A naga (D:1)
  A demigod (D:1)
  3 tengu (D:1)
  An ogre (D:1)
  19 knights
  3 ancestors
  A mummy (D:1)
  An orc (D:1)
  2 bushes (D:11)
  2 foxfires (Swamp:4)
  32 fungi
  52 plants
  4 tentacles (D:1)
129 creatures vanquished.

Grand Total: 1060 creatures vanquished

Notes
Turn   | Place    | Note
-------+----------+-------------------------------------------
     0 | D:1      | buhh the Kobold Hunter began the quest for the Orb.
     0 | D:1      | Reached XP level 1. HP: 12/12 MP: 1/1
     0 | D:1      | Noticed a demigod
     0 | D:1      | Noticed a gargoyle
     0 | D:1      | Noticed a vine stalker
     0 | D:1      | Noticed an ogre
     0 | D:1      | Noticed a spriggan
     0 | D:1      | Noticed a naga
     0 | D:1      | Noticed a kraken
     0 | D:1      | Noticed a tengu
     2 | D:1      | Noticed a tengu
     5 | D:1      | Killed a spriggan
     5 | D:1      | Killed a tengu
     5 | D:1      | Killed a naga
     6 | D:1      | Killed a tengu
     6 | D:1      | Killed a tengu
     7 | D:1      | Killed a demigod
     7 | D:1      | Killed a gargoyle
     8 | D:1      | Killed an ogre
     9 | D:1      | Killed a vine stalker
    11 | D:1      | Killed a spriggan
   102 | D:1      | Reached XP level 2. HP: 18/18 MP: 2/2
   320 | D:1      | Reached XP level 3. HP: 22/22 MP: 3/3
  1117 | D:2      | Reached XP level 4. HP: 27/27 MP: 4/4
  1173 | D:2      | Found a faded altar of an unknown god.
  2038 | D:3      | Noticed Jessica
  2043 | D:3      | Killed Jessica
  2044 | D:3      | Reached XP level 5. HP: 28/32 MP: 5/5
  2650 | D:3      | Found a runed translucent door.
  2653 | D:3      | Noticed Crazy Yiuf
  2740 | D:4      | Reached XP level 6. HP: 17/38 MP: 6/6
  4205 | D:4      | Reached XP level 7. HP: 43/44 MP: 7/7
  4245 | D:4      | Identified the +2 pair of boots of Efoatt {rElec Will+}
  4269 | D:5      | Entered Level 5 of the Dungeon
  4706 | D:5      | Reached XP level 8. HP: 42/49 MP: 8/8
  4757 | D:5      | Identified the +2 helmet of Poforgh {-Tele rC+ rN+ Slay+2}
  4916 | D:5      | Found a staircase to the Ecumenical Temple.
  4951 | Temple   | Entered the Ecumenical Temple
  5148 | Temple   | Became a worshipper of Hepliaklqana the Forgotten
  5325 | D:5      | Identified the +0 ring mail of Uskayaw's Esteem {-Cast
                  | rElec rF+ Str+2}
  5527 | D:6      | Noticed Eustachio
  5567 | D:6      | Reached skill level 11 in Crossbows
  5996 | D:6      | Found Sexaloib's Antique Weapon Shop.
  6497 | D:6      | Killed Eustachio
  6498 | D:6      | Reached XP level 9. HP: 48/58 MP: 9/9
  7008 | D:7      | Noticed Maggie
  7569 | D:7      | Identified the +1 plate armour "Cymipeuf" {rC+}
  8538 | D:7      | Identified the +7 flail "Meits" {holy, rPois rCorr Int-5}
  8779 | D:8      | Found the +18 Lear's hauberk
  8955 | D:8      | Reached * piety under Hepliaklqana
  9543 | D:8      | Found a glowing silver altar of Zin.
  9551 | D:8      | Found Bedet's Jewellery Shop.
 10104 | D:10     | Entered Level 10 of the Dungeon
 10110 | D:10     | Reached XP level 10. HP: 48/61 MP: 10/10
 10721 | D:9      | Found a sacrificial altar of Ru.
 10953 | D:9      | Found a bloodstained altar of Trog.
 10954 | D:9      | Found a glowing golden altar of the Shining One.
 10955 | D:9      | Found a shimmering blue altar of Sif Muna.
 10956 | D:9      | Found a blossoming altar of Fedhas.
 10957 | D:9      | Found a sparkling altar of Nemelex Xobeh.
 10958 | D:9      | Found an ornate altar of the Wu Jian Council.
 11133 | D:9      | Reached ** piety under Hepliaklqana
 11134 | D:9      | Remembered your ancestor Mbali as a knight
 11313 | D:9      | Found a staircase to the Orcish Mines.
 11481 | D:9      | Noticed a manticore
 11489 | D:9      | Killed a manticore
 12138 | D:10     | Identified a scroll of acquirement
 12138 | D:10     | Acquired the ring "Rixtaemm" {EV+4 Int+3}
 12316 | D:10     | Noticed a two-headed ogre
 12322 | D:10     | Killed a two-headed ogre
 12323 | D:10     | Reached skill level 11 in Fighting
 12390 | D:10     | Noticed a gargoyle
 12397 | D:10     | Killed a gargoyle
 12398 | D:10     | Reached XP level 11. HP: 66/66 MP: 11/11
 12906 | D:11     | Noticed a cyclops
 12914 | D:11     | Killed a cyclops
 12914 | D:11     | Noticed a red ugly thing
 12924 | D:11     | Killed a red ugly thing
 13990 | D:11     | Reached XP level 12. HP: 27/73 MP: 12/12
 13992 | D:11     | Reached skill level 15 in Crossbows
 14218 | D:11     | Found a staircase to the Lair.
 14246 | D:11     | Noticed an eight-headed hydra
 14454 | Orc:1    | Entered Level 1 of the Orcish Mines
 14565 | D:11     | Killed an eight-headed hydra
 14828 | D:11     | Found a hide-covered altar of Uskayaw.
 14905 | D:12     | Noticed a two-headed ogre
 14913 | D:12     | Killed a two-headed ogre
 15143 | D:12     | Found a frozen archway.
 15150 | IceCv    | Entered an ice cave
 15322 | IceCv    | Reached skill level 15 in Fighting
 15577 | IceCv    | Reached XP level 13. HP: 74/82 MP: 13/13
 15868 | IceCv    | Noticed a frost giant
 15875 | IceCv    | Killed a frost giant
 15889 | IceCv    | Gained mutation: Your system is resistant to poisons.
                  | (rPois) [potion of mutation]
 15889 | IceCv    | Gained mutation: Your mind is acute. (Int +4, Str/Dex-1)
                  | [potion of mutation]
 16207 | IceCv    | Reached skill level 11 in Dodging
 16475 | D:12     | Reached *** piety under Hepliaklqana
 17341 | D:12     | Noticed Urug
 17627 | Lair:1   | Entered Level 1 of the Lair of Beasts
 17644 | Lair:1   | Noticed Joseph
 17684 | Lair:1   | Killed Joseph
 17851 | Lair:1   | Noticed Amaemon
 17942 | Lair:1   | Killed Amaemon
 18086 | Lair:1   | Noticed an eight-headed hydra
 18439 | Lair:1   | Noticed Gastronok
 18643 | Lair:2   | Reached **** piety under Hepliaklqana
 18782 | Lair:2   | Reached XP level 14. HP: 91/91 MP: 14/14
 19283 | Lair:2   | Reached skill level 15 in Dodging
 20505 | Lair:3   | Found a hole to the Spider Nest.
 21418 | Lair:4   | Reached ***** piety under Hepliaklqana
 22393 | Lair:4   | Found a staircase to the Swamp.
 23163 | Lair:5   | Reached skill level 18 in Dodging
 23191 | Lair:5   | Found a viscous altar of Jiyva.
 23192 | Lair:5   | Found a staircase to the Slime Pits.
 23385 | Lair:5   | Reached XP level 15. HP: 93/96 MP: 14/16
 24016 | Lair:6   | Entered Level 6 of the Lair of Beasts
 24058 | Lair:6   | Found a runed translucent gate.
 24060 | Lair:6   | Found a runed translucent gate.
 24060 | Lair:6   | Noticed Gituah's ghost (journeyman GnEE)
 24270 | Lair:6   | Reached skill level 11 in Stealth
 24270 | Lair:6   | Reached XP level 16. HP: 100/100 MP: 19/19
 24589 | Lair:6   | Found a runed translucent gate.
 25089 | Lair:6   | Found the +2 shield of Resistance {rF++ rC++ Will++}
 25623 | Lair:1   | Killed Gastronok
 25845 | D:13     | Identified the +0 ring mail "Xoghuant" {Str+5 Int-5}
 26824 | D:13     | Reached ****** piety under Hepliaklqana
 26912 | D:13     | Reached XP level 17. HP: 105/105 MP: 23/23
 26936 | D:13     | Reached skill level 15 in Stealth
 27213 | D:13     | Found a gate to the Vaults.
 27648 | D:14     | Noticed sammy202020's ghost (journeyman DsBe)
 27649 | D:14     | Found a runed translucent gate.
 27650 | D:14     | Found a runed translucent gate.
 27651 | D:14     | Found a runed translucent gate.
 28380 | D:14     | Found Hov Resh's Assorted Antiques.
 28415 | D:14     | Bought a scroll of teleportation for 75 gold pieces
 28415 | D:14     | Bought a scroll of identify for 50 gold pieces
 28415 | D:14     | Bought 2 scrolls of enchant weapon for 375 gold pieces
 28674 | D:15     | Entered Level 15 of the Dungeon
 29023 | D:15     | Found a staircase to the Depths.
 29031 | D:15     | Reached skill level 11 in Invocations
 29749 | Spider:1 | Entered Level 1 of the Spider Nest
 29937 | Spider:1 | HP: 3/105 [disintegration (46)]
 30157 | Spider:1 | Noticed Agnes
 30161 | Spider:1 | Killed Agnes
 30469 | Spider:1 | Identified the ring "Opuleunn" {rElec rCorr EV+4 Int+3}
 31036 | Spider:2 | Noticed Arachne
 31059 | Spider:2 | Killed Arachne
 31158 | Spider:2 | You fall into a shaft and drop 1 floor!
 31214 | Spider:3 | Reached XP level 18. HP: 49/110 MP: 25/27
 32435 | Spider:3 | Reached skill level 11 in Evocations
 34077 | Spider:2 | Identified the +9 plate armour of Baldness {rCorr Str-5
                  | Int+5 Stlth+}
 34406 | Spider:4 | Entered Level 4 of the Spider Nest
 35113 | Spider:4 | Reached skill level 15 in Evocations
 35578 | Spider:4 | Reached XP level 19. HP: 115/115 MP: 18/28
 36126 | Spider:4 | Got a gossamer rune of Zot
 36605 | Swamp:1  | Entered Level 1 of the Swamp
 36622 | Swamp:1  | Noticed Kirke
 36626 | Swamp:1  | Killed Kirke
 36987 | Swamp:1  | Found a runed translucent door.
 36988 | Swamp:1  | Found a shimmering altar of Xom.
 36988 | Swamp:1  | Noticed Wiilli's ghost (journeyman SpVM)
 36989 | Swamp:1  | Identified the +5 morningstar of Sunlight {chaos, rPois}
 37026 | Swamp:1  | Noticed Donald
 37034 | Swamp:1  | Killed Donald
 37431 | Swamp:1  | Noticed Louise
 37935 | Swamp:2  | Reached skill level 18 in Crossbows
 39567 | Swamp:4  | Entered Level 4 of the Swamp
 39864 | Swamp:4  | Noticed a tentacled monstrosity
 39870 | Swamp:4  | Killed a tentacled monstrosity
 40214 | Swamp:4  | Reached XP level 20. HP: 48/120 MP: 30/30
 40226 | Swamp:4  | HP: 2/120 [seven-headed hydra (8)]
 40226 | Swamp:4  | Mangled by a seven-headed hydra

Illustrated notes

Levels and vault maps discovered:
D:1:      nicolae_arrival_kraken_aquarium_a, layout_basic
D:2:      layout_basic, nicolae_ecumenical_oubliette,
          minmay_randomly_rotated_circles
D:3:      layout_rooms, serial_park_tiny_2, uniq_crazy_yiuf_cottage,
          uniq_jessica
D:4:      layout_loops_ring
D:5:      layout_loops_ring, minmay_temple_entry_purple_smoke
D:6:      layout_loops_ring, serial_shops, kennysheep_mini,
          kennysheep_crisscross, minmay_misc_feat_alley, uniq_eustachio
D:7:      layout_loops_ring, minivault_22, uniq_maggie
D:8:      layout_rooms, lemuel_crystal_altar, serial_shops, shop,
          chequers_serial_rivers_micro_b, nicolae_zen_rock_garden
D:9:      layout_basic, minitemple, nicolae_overflow_hidden_temple, erik_orc_3
D:10:     layout_roguey, ebering_dispersal_statue_hall
D:11:     layout_big_octagon, minmay_lair_entry_grove, nicolae_uskayaw_suspiria
D:12:     layout_loops_ring, portal_ice_cave_demonic_guard, uniq_urug
D:13:     layout_roguey [special_room_bee], lightli_vaults_fourway_checkpoint
D:14:     layout_cave_pools, ebering_ghost_rock_garden,
          nicolae_inconvenience_store
D:15:     hangedman_depths_entry_civil_slaughter, layout_basic
Temple:   dpeg_chambers_temple
Lair:1:   layout_loops_ring, uniq_amaemon, uniq_gastronok, uniq_joseph
Lair:2:   nzn_winding_woodlands_medium [nzn_winding_woodlands_5x5_three,
          nzn_winding_woodlands_5x15_lazy_stream,
          nzn_winding_woodlands_5x5_checkerboard,
          nzn_winding_woodlands_5x5_default, nzn_winding_woodlands_center_lodge,
          nzn_winding_woodlands_5x5_open_star,
          nzn_winding_woodlands_5x5_closed_star,
          nzn_winding_woodlands_5x15_cabin, nzn_winding_woodlands_5x5_cross],
          layout_cave_pods
Lair:3:   layout_cave_pods, hellmonk_spider_entry_life_and_decay,
          serial_bayou_pond_d
Lair:4:   hellmonk_ruined_rings, layout_small_grid, palyth_hydra_swamp_entry,
          gauntlet_entry_generic
Lair:5:   layout_loops_ring, slime_entry_1, grunt_megastairs_5,
          infiniplex_staircase_pool, lemuel_fruit_tree
Lair:6:   evilmike_catoblepas_cave, layout_regular_city,
          gammafunk_ghost_hydra_chop
Swamp:1:  layout_basic_swamp, ebering_ghost_xom, hangedman_swamp_cone,
          uniq_louise, uniq_kirke, uniq_donald
Swamp:2:  layout_falls_marsh, evilmike_swamp_ruin_house_4
Swamp:3:  layout_basic_swamp, evilmike_swamp_ruin_rubble_1, swamp_pool2,
          infiniplex_staircase_pool_2
Swamp:4:  swamp_old_school, layout_basic_swamp, swamp_pool4,
          nicolae_swamp_hydra_murder_den
Spider:1: layout_spider_delve, nicolae_spider_eight_legs, uniq_agnes
Spider:2: nicolae_spider_hilbert_zone_3 [nicolae_spider_hilbert_4_sides_2_open,
          nicolae_spider_hilbert_3_sides_1_open,
          nicolae_spider_hilbert_3_sides_1_open,
          nicolae_spider_hilbert_3_sides_1_open,
          nicolae_spider_hilbert_3_sides_1_open,
          nicolae_spider_hilbert_4_sides_1_open,
          nicolae_spider_hilbert_4_sides_1_open,
          nicolae_spider_hilbert_4_sides_1_open,
          nicolae_spider_hilbert_4_sides_1_open,
          nicolae_spider_hilbert_4_sides_1_open,
          nicolae_spider_hilbert_4_sides_1_open,
          nicolae_spider_hilbert_4_sides_1_open,
          nicolae_spider_hilbert_4_sides_1_open,
          nicolae_spider_hilbert_3_sides_1_open,
          nicolae_spider_hilbert_3_sides_1_open,
          nicolae_spider_hilbert_3_sides_1_open,
          nicolae_spider_hilbert_3_sides_1_open], uniq_arachne
Spider:3: layout_spider_delve, spiders_nest_the_unseen
Spider:4: hellmonk_spider_rune_bug_friends
Orc:1:    layout_caves, nicolae_volcano_entry_two_sided, led_sif_book,
          uniq_jorgrun, uniq_erolcha, uniq_harold, uniq_snorg

Skill      XL: |  1  2  3  4  5  6  7  8  9 10 11 12 13 14 15 16 17 18 19 |
---------------+----------------------------------------------------------+-----
Stealth        | 2 3 11 14 15 | 15.0
Crossbows      | 6 7 8 10 11 14 16 20 | 20.0
Fighting       | 3 4 5 7 9 11 12 15 17 | 17.0
Dodging        | 6 10 14 18 19 20 | 20.0
Invocations    | 1 4 8 12 13 | 13.5
Evocations     | 9 15 | 15.0

Action                   |  1- 3 |  4- 6 |  7- 9 | 10-12 | 13-15 | 16-18 | 19-21 || total
-------------------------+-------+-------+-------+-------+-------+-------+-------++-------
Melee: Arbalest          |       |       |       |       |       |     3 |       ||     3
 Fire: Hand crossbow     |    88 |   158 |   334 |   130 |       |       |       ||   710
       Arbalest          |       |       |       |   269 |   587 |   875 |   359 ||  2090
Invok: Recall Ancestor   |       |       |       |     7 |    15 |    22 |     1 ||    45
       Ancestor Life: Kn |       |       |       |     1 |       |       |       ||     1
       Idealise          |       |       |       |       |       |    12 |       ||    12
       Transference      |       |       |       |       |       |     1 |     1 ||     2
Evoke: Wand              |       |       |       |     1 |       |       |       ||     1
       Box of beasts     |       |       |       |       |       |     2 |       ||     2
       Phantom mirror    |       |       |       |       |       |     2 |       ||     2
  Use: Potion            |       |     4 |     2 |     6 |     3 |     2 |    10 ||    27
       Scroll            |       |       |     6 |    11 |    12 |    18 |     8 ||    55
Armor: Leather armour    |    12 |    12 |    59 |    42 |       |       |       ||   125
       Skin              |       |    12 |       |       |       |       |       ||    12
       Troll leather arm |       |       |       |     9 |     3 |       |       ||    12
       Robe              |       |       |       |       |    25 |    57 |    19 ||   101
Dodge: Dodged            |    28 |    60 |   166 |   241 |   386 |   803 |   327 ||  2011

Table legend: (Time is in decaauts)
 A = Elapsed time spent in this place.
 B = Non-inter-level travel time spent in this place.
 C = Inter-level travel time spent in this place.
 D = Time resting spent in this place.
 E = Time spent auto-exploring this place.
 F = Levels seen in this place.
 G = Mean time per level.
                   A        B        C        D        E       F      G
               +--------+--------+--------+--------+--------+-----+--------+
         Total |  40627 |  37947 |   2680 |   7753 |  24045 |  32 | 1269.6 |
       Dungeon |  20160 |  18555 |   1605 |   4593 |  11233 |  15 | 1344.0 |
        Temple |    218 |    197 |     21 |      0 |    172 |   1 |  218.0 |
          Lair |   8403 |   7886 |    517 |    599 |   5858 |   6 | 1400.5 |
         Swamp |   3735 |   3689 |     46 |    414 |   2805 |   4 |  933.8 |
   Spider Nest |   6815 |   6325 |    490 |   1681 |   3694 |   4 | 1703.8 |
  Orcish Mines |      5 |      5 |      0 |      0 |      0 |   1 |    5.0 |
      Ice Cave |   1289 |   1289 |      0 |    466 |    281 |   1 | 1289.0 |
               +--------+--------+--------+--------+--------+-----+--------+

Top non-repeatable levels by time:
Spider:3: 2341 daAuts
    D:10: 2106 daAuts
  Lair:2: 1763 daAuts
     D:4: 1739 daAuts
    D:13: 1732 daAuts
     D:7: 1652 daAuts
Spider:4: 1623 daAuts
     D:6: 1619 daAuts
Spider:2: 1559 daAuts
  Lair:4: 1508 daAuts
  Lair:5: 1437 daAuts
     D:9: 1430 daAuts
  Lair:6: 1384 daAuts
    D:12: 1312 daAuts
Spider:1: 1291 daAuts
